 Dungeon Crawl Stone Soup version 0.23.2-40-g277498a001 (webtiles) character file.

Game seed: 11960858005946042974

82 Exodus22XD the Magician (level 4, -3/24 HPs)
             Began as a Deep Elf Wizard on Aug 30, 2019.
             Killed from afar by a dart slug (5 damage)
             ... with a slug dart
             ... on level 3 of the Dungeon.
             The game lasted 00:06:33 (2297 turns).

Exodus22XD the Magician (Deep Elf Wizard)           Turns: 2297, Time: 00:06:34

Health: -3/24      AC:  2    Str:  4    XL:     4   Next: 21%
Magic:  10/12      EV: 13    Int: 24    God:
Gold:   97         SH:  0    Dex: 13    Spells: 3/11 levels left

rFire    . . .     SeeInvis .   j - +0 dagger
rCold    . . .     Gourm    .   (no shield)
rNeg     . . .     Faith    .   n - +0 robe (curse)
rPois    +         Spirit   .   b - +0 hat
rElec    .         Reflect  .   (no cloak)
rCorr    .         Harm     .   (no gloves)
MR       .....                  (no boots)
Stlth    ++........             k - amulet of regeneration
HPRegen  0.48/turn              f - ring of poison resistance
MPRegen  0.13/turn              (no ring)

@: hasted, very quick
A: no striking features
a: no special abilities


You were on level 3 of the Dungeon.
You were not hungry.

You visited 1 branch of the dungeon, and saw 3 of its levels.

You collected 97 gold pieces.

Inventory:

Hand Weapons
 j - a +0 dagger (weapon)
Armour
 b - a +0 hat (worn)
 n - a cursed +0 robe (worn)
Jewellery
 f - a ring of poison resistance (left hand)
 k - an amulet of regeneration (around neck)
 q - an uncursed ring of resist corrosion {unknown}
Scrolls
 a - a scroll of enchant weapon {unknown}
 c - a scroll of teleportation {unknown}
 e - 3 scrolls of remove curse {unknown}
 g - a scroll of noise {unknown}
 h - a scroll of blinking {unknown}
 m - 4 scrolls of identify {unknown}
 o - a scroll of fear {unknown}
 r - a scroll of fog {unknown}
 s - 3 scrolls of amnesia {unknown}
 t - a scroll of enchant armour {unknown}
 v - a scroll of magic mapping {unknown}
Potions
 i - a potion of degeneration {unknown}
 l - a potion of curing
 u - a potion of brilliance {unknown}
 w - a potion of haste
Comestibles
 d - 6 rations
 p - 3 chunks of flesh


   Skills:
 - Level 2.4 Dodging
 - Level 2.4 Stealth
 - Level 4.4 Spellcasting
 - Level 4.4 Conjurations
 * Level 1.5 Summonings
 - Level 1.1 Translocations


You had 3 spell levels left.
You knew the following spells:

 Your Spells              Type           Power        Failure   Level  Hunger
a - Magic Dart            Conj           ####         1%          1    None
b - Call Imp              Summ           ##......     8%          2    None
c - Blink                 Tloc           N/A          9%          2    None
d - Conjure Flame         Conj/Fire      ###.....     12%         3    ##.....

Your spell library contained the following spells:

 Spells                   Type           Power        Failure   Level  Hunger
 Slow                     Hex            #.......     14%         2    None
 Mephitic Cloud           Conj/Pois/Air  ##......     16%         3    ##.....


Dungeon Overview and Level Annotations

Branches:
Dungeon (3/15)

Altars:
Dithmenos

Annotations:
D:3 1 transporter, GGA's ghost, weakling DgCj; Grinder


Message History

Grinder hits you!
You writhe in agony.
Grinder hits you!
* * * LOW HITPOINT WARNING * * *
You can move again.
Casting: Magic Dart (safe; 1% risk of failure)
Confirm with . or Enter, or press ? or * to list all spells.
You blink.
The dart slug launches a dart at you. The slug dart hits you.
* * * LOW HITPOINT WARNING * * *
Okay, then.
It was a potion of curing.
You feel better. Grinder gestures at you. Pain shoots through your body!
* * * LOW HITPOINT WARNING * * *
It was a potion of haste.
You feel yourself speed up.
Grinder blinks!
The dart slug launches a dart at you. The slug dart hits you.
You die...

## #. ## #.########### ..
#...5...o...# .# . #..#
#.###.##. #.@# #).......
#..# #..######
#..########..#.....
#.ยง#...[.....#....)
#.w#.#######.#..##.
#.5#.........#WZ#
#######..#########.#..##.
#........# #.#ZW...
##.##########.#W.##.


You could see Grinder and a dart slug.

Vanquished Creatures
  4 adders
  An ooze (D:3)
  A leopard gecko (D:3)
  6 orcs (D:3)
  5 bats
  A giant cockroach (D:3)
  A hobgoblin (D:2)
  2 ball pythons
  3 frilled lizards
  4 goblins
  6 kobolds
  4 rats
38 creatures vanquished.

Notes
Turn   | Place    | Note
-------+----------+-------------------------------------------
     0 | D:1      | Exodus22XD the Deep Elf Wizard began the quest for the Orb.
     0 | D:1      | Reached XP level 1. HP: 10/10 MP: 7/7
  1001 | D:2      | Reached XP level 2. HP: 15/15 MP: 1/9
  1116 | D:2      | Learned a level 2 spell: Call Imp
  1119 | D:2      | Learned a level 2 spell: Blink
  1129 | D:2      | Reached XP level 3. HP: 19/19 MP: 5/10
  1265 | D:2      | Found a shadowy altar of Dithmenos.
  1279 | D:2      | Learned a level 3 spell: Conjure Flame
  1501 | D:2      | Noticed a phantom
  2055 | D:3      | Reached XP level 4. HP: 24/24 MP: 8/12
  2211 | D:3      | Found a transporter.
  2218 | D:3      | Noticed GGA's ghost (weakling DgCj)
  2222 | D:3      | Noticed a hungry ghost
  2266 | D:3      | Noticed Grinder
  2288 | D:3      | Paralysed by Grinder for 3 turns
  2293 | D:3      | HP: 1/24 [dart slug/slug dart (3)]
  2297 | D:3      | Killed from afar by a dart slug

Skill      XL: |  1  2  3 |
---------------+----------+-----
Conjurations   | 2 3 4 |  4.4
Dodging        | |  2.4
Stealth        | |  2.4
Spellcasting   | |  4.4
Summonings     | |  1.5
Translocations | |  1.1

Action                   |  1- 3 |  4- 6 || total
-------------------------+-------+-------++-------
 Cast: Magic Dart        |    63 |    16 ||    79
       Conjure Flame     |     1 |       ||     1
       Blink             |       |     1 ||     1
  Use: Potion            |       |     2 ||     2
  Eat: Chunk             |     3 |     1 ||     4
Armor: Robe              |     4 |       ||     4
Dodge: Dodged            |     8 |     1 ||     9
